 Dungeon Crawl Stone Soup version 0.19.0-2-gae57169 (webtiles) character file.

459 Jerry the Slasher (level 6, -1/57 HPs)
             Began as a Minotaur Berserker on Nov 4, 2016.
             Was a Priest of Trog.
             Slain by a crocodile (15 damage)
             ... in a sewer.
             The game lasted 00:10:46 (2528 turns).

Jerry the Slasher (Minotaur Berserker)              Turns: 2528, Time: 00:10:47

Health: -1/57      AC:  8    Str: 22    XL:     6   Next: 78%
Magic:  5/5        EV: 10    Int:  5    God:    Trog [***...]
Gold:   200        SH:  0    Dex: 10    Spells: 0 memorised, 5 levels left

rFire  . . .     SeeInvis .     a - +0 falchion
rCold  . . .     Gourm    .     d - +1 scale mail
rNeg   . . .     Faith    .     (no shield)
rPois  .         Spirit   .     (helmet restricted)
rElec  .         Reflect  .     (no cloak)
rCorr  .         Harm     .     (no gloves)
MR     ++...                    (no boots)
Stlth  ..........               (no amulet)
                                (no ring)
                                (no ring)

@: regenerating
A: retaliatory headbutt, horns 2
a: Berserk, Trog's Hand, Burn Spellbooks, Renounce Religion


You were in a sewer.
You worshipped Trog.
Trog was most pleased with you.
You were not hungry.

You visited 1 branch of the dungeon, and saw 4 of its levels.
You also visited: Sewer.

You collected 200 gold pieces.

Inventory:

Hand Weapons
 a - a +0 falchion (weapon)
 g - a +0 blowgun
Missiles
 i - 11 poisoned needles
Armour
 d - a +1 scale mail (worn)
Scrolls
 b - a scroll of fear {unknown}
 e - a scroll of amnesia {unknown}
 h - 3 scrolls of identify
 m - 2 scrolls of remove curse
 q - 2 scrolls of teleportation
Potions
 f - a potion of resistance {unknown}
 j - a potion of flight {unknown}
 k - 2 potions of curing {unknown}
 l - a potion of cancellation
 o - a potion of haste {unknown}
 p - a potion of cure mutation {unknown}
 s - a potion of degeneration {unknown}
 u - a potion of agility {unknown}
Comestibles
 c - 3 bread rations
 n - 2 slices of pizza
 r - 2 chunks of flesh
 t - 3 fruits


   Skills:
 + Level 5.9 Fighting
 + Level 6.1 Long Blades
 + Level 5.4 Armour
 - Level 2.3 Dodging


You had 5 spell levels left.
You didn't know any spells.

Dungeon Overview and Level Annotations

Branches:
Dungeon (4/15)
 Temple: D:4-7

Altars:
Makhleb
Qazlal
Sif Muna
Xom


Innate Abilities, Weirdness & Mutations

You reflexively headbutt those who attack you in melee.
You have a pair of horns on your head.


Message History

The crocodile bites you!
You closely miss the crocodile.
The crocodile is almost dead.
The crocodile bites you!
You barely miss the crocodile. Your headbutt misses the crocodile.
The crocodile is almost dead.
The crocodile bites you!
* * * LOW HITPOINT WARNING * * *
You hit the crocodile. Your headbutt misses the crocodile.
The crocodile is almost dead.
The crocodile bites you but does no damage.
Your skin crawls.
You feel resistant to hostile enchantments.
You feel somewhat more hungry.
The crocodile bites you but does no damage.
You hit the crocodile but do no damage.
You headbutt the crocodile, but do no damage.
The crocodile is almost dead.
The crocodile bites you!
You die...

######## ###....≈.###
###...≈.≈≈≈..###
###.≈.≈.####.....##.$#
##.....### ###.@t≈≈#
≈≈...≈## ##..≈.≈.#
##...≈.# ≈.≈..###
###..≈..# ≈...##.?#
###..... ...### %#
##... ≈.## # ######


You could see a crocodile.

Vanquished Creatures
  The ghost of Schimscham the Magician, an amateur DEFE (Sewer)
  A phantom (D:3)
  An orc priest (D:4)
  Ijyb (D:3)
  A worker ant (D:4)
  4 gnolls (D:3)
  4 adders
  An ooze (D:1)
  3 worms
  5 dart slugs
  A leopard gecko (D:3)
  7 orcs
  4 giant cockroaches
  15 hobgoblins
  6 jackals
  10 kobolds
  2 quokkas
  2 ball pythons (D:1)
  6 bats
  7 frilled lizards
  4 goblins
  A leopard gecko skeleton (D:3)
  5 rats
92 creatures vanquished.

Notes
Turn   | Place    | Note
-------+----------+-------------------------------------------
     0 | D:1      | Jerry the Minotaur Berserker began the quest for the Orb.
     0 | D:1      | Reached XP level 1. HP: 19/19 MP: 0/0
    11 | D:1      | Reached skill level 4 in Long Blades
    24 | D:1      | Reached XP level 2. HP: 20/27 MP: 1/1
   250 | D:1      | Reached XP level 3. HP: 33/33 MP: 2/2
   440 | D:1      | Lost intelligence.
   489 | D:2      | Found a faded altar of an unknown god.
   503 | D:2      | Reached ** piety under Trog
  1037 | D:3      | Noticed Ijyb
  1042 | D:3      | Reached XP level 4. HP: 41/41 MP: 3/3
  1046 | D:3      | Killed Ijyb
  1166 | D:3      | Reached skill level 5 in Long Blades
  1408 | D:3      | Found a shimmering altar of Xom.
  1408 | D:3      | Found a stormy altar of Qazlal.
  1409 | D:3      | Found a burning altar of Makhleb.
  1419 | D:3      | Found a deep blue altar of Sif Muna.
  1510 | D:3      | Reached XP level 5. HP: 35/47 MP: 4/4
  1883 | D:3      | Reached skill level 5 in Fighting
  1906 | D:3      | Noticed a phantom
  1915 | D:3      | Killed a phantom
  1915 | D:3      | Reached XP level 6. HP: 56/56 MP: 5/5
  2209 | D:4      | Reached *** piety under Trog
  2248 | D:4      | Reached skill level 5 in Armour
  2278 | D:4      | Found a glowing drain.
  2410 | Sewer    | Entered a sewer
  2415 | Sewer    | Noticed Schimscham's ghost (amateur DEFE)
  2427 | Sewer    | Killed Schimscham's ghost
  2427 | Sewer    | Reached skill level 6 in Long Blades
  2528 | Sewer    | Slain by a crocodile

Skill      XL: |  1  2  3  4  5  6 |
---------------+-------------------+-----
Long Blades    | 4 5 6 |  6.1
Fighting       | 4 5 |  5.9
Armour         | 3 4 5 |  5.4
Dodging        | |  2.3

Action                   |  1- 3 |  4- 6 || total
-------------------------+-------+-------++-------
Melee: Falchion          |    83 |   124 ||   207
       Headbutt          |    13 |    27 ||    40
Invok: Berserk           |     1 |     2 ||     3
       Trog's Hand       |       |     1 ||     1
  Use: Scroll            |     6 |       ||     6
  Eat: Chunk             |       |     8 ||     8
Armor: Animal skin       |     6 |       ||     6
       Scale mail        |    41 |    43 ||    84
Dodge: Dodged            |    46 |    54 ||   100
       Rpst.: Falchion   |     9 |    20 ||    29
